 Dungeon Crawl Stone Soup version 0.30-a0-696-g2367cd04db (webtiles) character file.

Game seed: 357265368854980314

421201 Crownlay the Bludgeoner (level 22, -6/209 HPs)
             Began as a Minotaur Monk on Jan 20, 2023.
             Was an Initiate of Gozag.
             Killed from afar by a fire giant (57 damage)
             ... with a bolt of fire
             ... on level 2 of the Depths.
             The game lasted 02:30:54 (44837 turns).

Crownlay the Bludgeoner (Minotaur Monk)            Turns: 44837, Time: 02:30:54

Health: -6/209     AC: 46    Str: 26    XL:     22   Next: 93%
Magic:  48/48      EV: 12    Int: 17    God:    Gozag
Gold:   11545      SH: 30    Dex: 28    Spells: 21/21 levels left

rFire   . . .      SeeInvis +    m - +4 morningstar of a wizard's laboratory {heavy, rN+}
rCold   + + +      Faith    .    j - +7 tower shield {rC+}
rNeg    + . .      Spirit   .    J - +10 crystal plate armour of Gehenna {MP+9 Str+3}
rPois   +          Reflect  .    (helmet restricted)
rElec   +          Harm     .    f - +2 cloak {rC+}
rCorr   .          Rampage  .    n - +2 pair of gloves of Happy Babbling {rElec Regen+ MP+9 Dex+2}
Will    +++..                    P - +0 pair of boots of Chimes {Drain Regen+ Int+6 Stlth+} Stlth
                                 I - amulet "Qihiyl" {Regen+ Int+4 Dex+3}
HPRegen 2.94/turn                O - ring "Ikergh" {Contam +Blink rPois MP+9 Slay+5}
MPRegen 0.31/turn                M - ring "Luwkel" {rC+ Will++ Dex+6 SInv}

@: studying 2 skills
A: horns 2, retaliatory headbutt
}: 1/15 runes: gossamer
a: Renounce Religion, Evoke Blink, Potion Petition, Call Merchant, Bribe Branch


You were on level 2 of the Depths.
You worshipped Gozag.
Gozag was extremely pleased with you.
You visited 8 branches of the dungeon, and saw 38 of its levels.
You also visited: Trove, Gauntlet, Ice Cave, Volcano and Desolation.

You collected 21365 gold pieces.
You spent 2259 gold pieces at shops.
You paid 7561 gold pieces to Gozag.

Inventory:

Hand Weapons
 m - the +4 morningstar of a wizard's laboratory (weapon) {heavy, rN+}
   (You found it on level 2 of the Dungeon)

   rN:        It protects you from negative energy.
 B - the +7 spear of Annoyance {holy, rElec rN+ Str+2 Int-3}
   (You found it on level 4 of the Vaults)

   Str:       It affects your strength (+2).
   Int:       It affects your intelligence (-3).
   rElec:     It insulates you from electricity.
   rN:        It protects you from negative energy.
Missiles
 v - 8 javelins
 K - 12 curare-tipped darts (quivered)
 S - 2 silver javelins
 V - 4 boomerangs of dispersal
Armour
 f - a +2 cloak of cold resistance (worn)
 j - a +7 tower shield of cold resistance (worn)
 n - the +2 pair of gloves of Happy Babbling (worn) {rElec Regen+ MP+9 Dex+2}
   (You bought it in a shop on level 1 of the Vaults)

   Dex:       It affects your dexterity (+2).
   rElec:     It insulates you from electricity.
   MP:        It affects your magic capacity (+9).
   Regen:     It increases your rate of health regeneration.
 J - the +10 crystal plate armour of Gehenna (worn) {MP+9 Str+3}
   (You acquired it on level 12 of the Dungeon)

   Str:       It affects your strength (+3).
   MP:        It affects your magic capacity (+9).
 P - the +0 pair of boots of Chimes (worn) {Drain Regen+ Int+6 Stlth+}
   (You found it in a treasure trove)

   Int:       It affects your intelligence (+6).
   Regen:     It increases your rate of health regeneration.
   Drain:     It drains your maximum health when unequipped.
   Stlth:     It makes you more stealthy.
Jewellery
 b - an amulet of reflection
 g - the ring "Olluocebri" {Fly rElec rCorr Int-4 Dex+6}
   (You found it on level 4 of the Spider Nest)

   [ring of dexterity]

   Int:       It affects your intelligence (-4).
   Dex:       It affects your dexterity (+6).
   rElec:     It insulates you from electricity.
   Fly:       It grants you flight.
   rCorr:     It protects you from acid and corrosion.
 t - the ring "Otsigg" {rElec Int+5 Slay+4}
   (You found it in the Desolation of Salt)

   [ring of slaying]

   Int:       It affects your intelligence (+5).
   Slay:      It affects your accuracy & damage with ranged weapons and melee
   (+4).
   rElec:     It insulates you from electricity.
 y - the amulet "Ireol" {RegenMP rC+ rN+ Will+ SInv}
   (You acquired it on level 4 of the Vaults)

   [amulet of magic regeneration]

   It increases your rate of magic regeneration.
   rC:        It protects you from cold.
   rN:        It protects you from negative energy.
   SInv:      It lets you see invisible.
   Will:      It increases your willpower.
 A - the ring of the Tempest {rElec MP+9 Str+3 SInv Stlth+}
   (You took it off a spriggan on level 1 of the Swamp)

   [ring of see invisible]

   Str:       It affects your strength (+3).
   rElec:     It insulates you from electricity.
   MP:        It affects your magic capacity (+9).
   SInv:      It lets you see invisible.
   Stlth:     It makes you more stealthy.
 I - the amulet "Qihiyl" (around neck) {Regen+ Int+4 Dex+3}
   (You found it in a treasure trove)

   [amulet of regeneration]

   Int:       It affects your intelligence (+4).
   Dex:       It affects your dexterity (+3).
   Regen:     It increases your rate of health regeneration.
 M - the ring "Luwkel" (right hand) {rC+ Will++ Dex+6 SInv}
   (You found it in the Desolation of Salt)

   [ring of dexterity]

   Dex:       It affects your dexterity (+6).
   rC:        It protects you from cold.
   SInv:      It lets you see invisible.
   Will:      It greatly increases your willpower.
 O - the ring "Ikergh" (left hand) {Contam +Blink rPois MP+9 Slay+5}
   (You found it in a Gauntlet)

   [ring of magical power]

   Slay:      It affects your accuracy & damage with ranged weapons and melee
   (+5).
   rPois:     It protects you from poison.
   MP:        It affects your magic capacity (+9).
   +Blink:    It lets you blink.
   Contam:    It causes magical contamination when unequipped.
Wands
 o - a wand of polymorph (18)
 x - a wand of digging (25)
 F - a wand of paralysis (32)
 N - a wand of mindburst (29)
 T - a wand of roots (37)
 Y - a wand of flame (13)
Scrolls
 a - 7 scrolls of fog
 r - 2 scrolls of immolation
 s - 9 scrolls of enchant weapon
 u - 6 scrolls of poison
 E - 6 scrolls of teleportation
 G - 3 scrolls of fear
 L - a scroll of blinking
 Q - 8 scrolls of magic mapping
 U - 5 scrolls of summoning
 X - 4 scrolls of silence
Potions
 c - 9 potions of ambrosia
 d - 15 potions of curing
 e - a potion of berserk rage
 h - 6 potions of attraction
 i - 7 potions of flight
 k - 3 potions of resistance
 l - 5 potions of might
 q - 5 potions of cancellation
 w - 4 potions of haste
 z - 6 potions of invisibility
 C - 5 potions of heal wounds
 W - 6 potions of mutation
Miscellaneous
 D - a phantom mirror


   Skills:
 - Level 20.0 Fighting
 - Level 20.2 Maces & Flails
 * Level 13.3 Polearms
 - Level 7.1 Ranged Weapons
 - Level 12.0 Throwing
 - Level 20.0 Armour
 + Level 10.6 Dodging
 - Level 1.5 Stealth
 + Level 15.4 Shields
 - Level 10.0 Summonings
 - Level 15.0 Evocations


You had 21 spell levels left.
You didn't know any spells.
Your spell library contained the following spells:

 Spells                   Type           Power      Damage    Failure   Level
 Call Canine Familiar     Summ           34%        N/A       50%         3
 Apportation              Tloc           0%         N/A       100%        1
 Freeze                   Ice            0%         1d3       100%        1
 Magic Dart               Conj           0%         1d3       100%        1
 Ensorcelled Hibernation  Hex/Ice        0%         N/A       100%        2
 Momentum Strike          Conj/Tloc      0%         3d8       100%        2
 Poisonous Vapours        Pois/Air       0%         N/A       100%        2
 Searing Ray              Conj           0%         2d4       100%        2
 Frozen Ramparts          Ice            0%         1d1       100%        3
 Hailstorm                Conj/Ice       0%         3d3       100%        3
 Inner Flame              Hex/Fire       0%         N/A       100%        3
 Ozocubu's Armour         Ice            0%         N/A       100%        3
 Portal Projectile        Hex/Tloc       0%         N/A       100%        3
 Spider Form              Tmut/Pois      0%         N/A       100%        3
 Anguish                  Hex/Necr       0%         N/A       100%        4
 Animate Armour           Summ/Erth      34%        N/A       100%        4
 Cause Fear               Hex            0%         N/A       100%        4
 Fulminant Prism          Conj/Hex       0%         3d5       100%        4
 Leda's Liquefaction      Hex/Erth       0%         N/A       100%        4
 Petrify                  Tmut/Erth      0%         N/A       100%        4
 Alistair's Intoxication  Tmut/Pois      0%         N/A       100%        5
 Blade Hands              Tmut           0%         N/A       100%        5
 Borgnjor's Vile Clutch   Necr/Erth      0%         N/A       100%        5
 Lee's Rapid Deconstruct  Erth           0%         3d4*      100%        5
 Metabolic Englaciation   Hex/Ice        0%         N/A       100%        5
 Yara's Violent Unravell  Hex/Tmut       0%         3d3       100%        5
 Dispersal                Tloc           0%         N/A       100%        6
 Eringya's Noxious Bog    Tmut/Pois      0%         N/A       100%        6
 Iron Shot                Conj/Erth      0%         9d1       100%        6
 Statue Form              Tmut/Erth      0%         N/A       100%        6
 Enfeeble                 Hex            0%         N/A       100%        7
 Haunt                    Necr/Summ      8%         N/A       100%        7
 Ozocubu's Refrigeration  Ice            0%         4d7       100%        7
 Discord                  Hex            0%         N/A       100%        8
 Infestation              Necr           0%         N/A       100%        8
 Animate Dead             Necr           Unusable   N/A       N/A         4

Dungeon Overview and Level Annotations

Branches:
Dungeon (15/15)            Temple (1/1) D:4            Lair (5/5) D:9
  Swamp (4/4) Lair:3       Spider (4/4) Lair:3        Slime (0/5) Lair:4
    Orc (2/2) D:11            Elf (0/3) Orc:2        Vaults (4/5) D:13
  Crypt (0/3) Vaults:2     Depths (3/4) D:15          IceCv (visited)
Volcano (visited)         Desolation (visited)      Gauntlet (visited)

Altars:
Ashenzari
Cheibriados
Dithmenos
Elyvilon
Fedhas
Gozag
Hepliaklqana
Kikubaaqudgha
Makhleb
Nemelex Xobeh
Okawaru
Qazlal
Ru
Sif Muna
Trog
Uskayaw
Vehumet
Wu Jian
Xom
Yredelemnul
Zin
The Shining One
Lugonu

Shops:
D:10 *   Orc:2 [(*!   Lair:2 ?   Swamp:3 *   Vaults:1 [   Depths:2 [*

Portals:
Hell: Depths:1 Depths:2
Abyss: Lair:5
Pandemonium: Depths:2

Annotations:
D:15 3 runed translucent doors, Fayhed's ghost, adept DsIE
Swamp:4 1 transporter, Mara
Depths:3 Parghit


Innate Abilities, Weirdness & Mutations

You have a pair of horns on your head.
You reflexively headbutt those who attack you in melee.


Message History

You block the spriggan defender's attack.
You block the fire giant's attack.
You completely miss the spriggan defender.
Your headbutt misses the spriggan defender.
The spriggan defender is heavily wounded.
You block the spriggan defender's attack. x2
The spriggan defender hits you with a +1 quick blade of electrocution!
You block the fire giant's attack.
The spriggan defender blocks your attack.
The spriggan defender is heavily wounded.
You block the spriggan defender's attack. x2
The spriggan defender hits you but does no damage.
The fire giant hits you with a +2 great sword of flaming!
The fire giant burns you.
* * * LOW HITPOINT WARNING * * *
You closely miss the spriggan defender.
Your headbutt misses the spriggan defender.
The spriggan defender is heavily wounded.
You block the spriggan defender's attack.
The spriggan defender barely misses you.
You block the fire giant's attack.
You block the spriggan defender's attack.
You hit the spriggan defender but do no damage.
The spriggan defender is heavily wounded.
You block the spriggan defender's attack. x2
You block the fire giant's attack.
The spriggan defender hits you but does no damage.
You bludgeon the spriggan defender!! You headbutt the spriggan defender!
The spriggan defender is almost dead.
You block the spriggan defender's attack.
The spriggan defender hits you but does no damage.
The fire giant hits you with a +2 great sword of flaming!
* * * LOW HITPOINT WARNING * * *
The fire giant burns you.
* * * LOW HITPOINT WARNING * * *
The spriggan defender hits you but does no damage.
The fire giant gestures at you while chanting.
The bolt of fire hits you!!!
You die...
Your body crumbles into a pile of gold.

.<...#..#...##.....#8...8#
[..)##.....#.......#.....#
(..##..#######.....'.....#
.......# #.....#.....#
.......# #.....#8...8#
.....### #########'###
#...#### #8...8#8...8#
##.....# #..C..#.....#
#?##### #.$@i.'.....# #.#
#..)..#.....# #.#
#8...8#8...8# #.#
############# ###


You could see a fire giant and a spriggan defender (fast).

Vanquished Creatures
  2 juggernauts
  Sojobo (Vaults:3)
  2 caustic shrikes (Depths:2)
  2 golden dragons (Depths:2)
  Nikola (Swamp:3)
  A bone dragon (Vaults:2)
  A tentacled monstrosity (Depths:2)
  Rupert (D:12)
  3 liches
  A titan (Depths:3)
  2 sphinxes
  Donald (Swamp:2)
  3 tengu reavers
  Kirke (Spider:3)
  Roxanne (Spider:3)
  A shadow dragon (Vaults:4)
  A fenstrider witch (Swamp:3)
  2 fire giants
  6 frost giants (Depths:2)
  2 imperial myrmidons (Desolation)
  An emperor scorpion (Spider:2)
  8 vault wardens
  3 ghouls (Swamp:4)
  A spriggan defender (Depths:2)
  A caustic shrike skeleton (Depths:2)
  5 ghost moths
  The ghost of Dirtsage the Martial Artist, a journeyman OpTm of Gozag (Orc:2)
  A reaper (IceCv)
  A broodmother (Spider:3)
  14 very ugly things
  15 ironbound preservers
  4 vampire knights
  8 stone giants
  10 ironbound thunderhulks
  2 war gargoyles (Vaults:4)
  2 eleionomae
  A minotaur (Gauntlet)
  5 bunyips
  A halazid warlock (Desolation)
  19 dire elephants
  10 spark wasps
  A blizzard demon (Depths:2)
  A deep elf high priest (Vaults:1)
  6 ettins
  3 crystal guardians (Desolation)
  A fire dragon (shapeshifter) (Depths:2)
  An iron golem (Depths:1)
  Josephine (Swamp:1)
  8 fire dragons
  A shambling mangrove (Swamp:1)
  4 great orbs of eyes
  3 entropy weavers
  3 vault guards
  11 yaktaur captains
  2 spriggan air magi (Depths:2)
  5 ragged hierophants (Desolation)
  The ghost of Muix the Fighter, a journeyman DsIE of Vehumet (Lair:2)
  15 peacekeepers
  2 rakshasas
  6 ogre magi
  A radroach (Spider:4)
  6 hydras
  7 servants of whispers (Desolation)
  9 centaur warriors
  2 jorogumos (Spider:4)
  10 alligators
  7 ice dragons
  A ghost crab (Swamp:3)
  2 dancing weapons (D:13)
  20 two-headed ogres
  12 ironbound frosthearts
  4 deep troll shamans
  A vampire mage (D:15)
  7 boulder beetles
  8 deep troll earth magi
  8 death scarabs (Spider:4)
  2 orc high priests
  A spriggan berserker (Depths:2)
  2 tengu warriors
  Urug (Lair:2)
  Sonja (D:12)
  Amaemon (D:7)
  8 hell knights
  A fire crab (Volcano)
  A skeletal warrior (D:15)
  2 sun moths (Spider:1)
  6 pharaoh ants
  A flayed ghost (Depths:1)
  6 goliath frogs
  50 deep trolls
  An orb spider (Spider:1)
  2 spectral hydras (Swamp:4)
  10 iron trolls
  13 bog bodies
  5 spriggan druids
  4 spectral wolf spiders (Spider:4)
  A swamp dragon (Swamp:3)
  4 glowing orange brains
  18 ironbound convokers
  6 lindwurms
  13 harpies
  5 wizards
  8 steelbarb worms
  4 deep elf pyromancers
  An orc knight (Orc:2)
  A sphinx zombie (Depths:2)
  3 oklob plants (Lair:4)
  10 necromancers
  A human zombie (Vaults:1)
  2 orc sorcerers
  A wolf spider zombie (Spider:4)
  18 ugly things
  A stone giant zombie (D:15)
  11 wolf spiders
  7 cyclopes
  2 fire giant zombies (D:15)
  3 will-o-the-wisps
  The ghost of ThereIsNoGod the Insei, a novice OpFi (D:6)
  5 black mambas
  16 elephants
  4 manticores
  3 human skeletons
  3 moths of wrath
  A titan simulacrum (Depths:2)
  A frost giant skeleton (Vaults:4)
  A salamander (shapeshifter) (Depths:2)
  12 vault sentinels
  5 molten gargoyles
  3 guardian serpents (Desolation)
  2 ice statues (IceCv)
  2 rust devils (Depths:2)
  3 large abominations (Gauntlet)
  16 cane toads
  A guardian serpent (shapeshifter) (D:14)
  2 orange demons
  3 kobold demonologists
  24 yaktaurs
  3 unseen horrors
  4 torpor snails
  5 demonic crawlers
  10 komodo dragons
  5 swamp worm zombies (Swamp:4)
  Psyche (D:8)
  An anaconda simulacrum (IceCv)
  2 redback zombies (Spider:4)
  2 efreet
  A komodo dragon (shapeshifter) (Gauntlet)
  3 spectral redbacks (Spider:4)
  6 rime drakes
  7 ice devils
  2 tengu conjurers
  A guardian mummy (D:15)
  A hydra zombie (Swamp:4)
  A yaktaur skeleton (Vaults:4)
  7 polar bears
  A queen bee (shapeshifter) (Gauntlet)
  A sphinx simulacrum (Depths:2)
  24 blink frogs
  15 tarantellas
  Grinder (D:4)
  2 culicivora zombies (Spider:4)
  8 trolls
  13 tyrant leeches
  3 alligator zombies (Swamp:4)
  A tengu simulacrum (Depths:2)
  3 spectral culicivoras (Spider:4)
  3 spectral jumping spiders (Spider:4)
  6 dream sheep (Lair:3)
  9 hornets
  65 saltlings (Desolation)
  3 jumping spider zombies (Spider:4)
  A centaur simulacrum (D:15)
  16 jumping spiders
  A spectral swamp dragon (Swamp:4)
  20 slime creatures
  11 spriggans
  2 shadows
  2 elf zombies (Vaults:1)
  Sigmund (D:2)
  14 culicivoras
  7 water elementals (Depths:1)
  2 wyverns
  A dire elephant simulacrum (IceCv)
  10 fire bats (Volcano)
  2 vampires
  40 yaks
  A yak (shapeshifter) (Gauntlet)
  2 hogs (Spider:3)
  7 wraiths
  Grum (D:8)
  2 steam dragons
  5 basilisks
  A basilisk (shapeshifter) (D:15)
  2 death yak simulacra (IceCv)
  28 redbacks
  A swamp worm (shapeshifter) (D:12)
  12 vampire mosquitoes
  2 tengu zombies
  3 wargs (Orc:2)
  14 swamp worms
  12 water moccasins
  4 acid dragons
  An ogre skeleton (Vaults:4)
  A hell hound (Volcano)
  2 floating eyes (Depths:2)
  6 swamp drakes
  6 black bears
  23 orc warriors
  An ice beast (D:6)
  3 swamp dragon zombies (Swamp:4)
  26 ogres
  14 wolves
  2 phantoms
  A centaur (D:6)
  5 kobold brigands
  A gnoll sergeant (D:7)
  18 bullfrogs
  A necrophage (D:6)
  2 two-headed ogre simulacra (IceCv)
  4 scorpions
  2 human simulacra (Vaults:4)
  5 wights (D:10)
  3 elephant simulacra (IceCv)
  14 killer bees
  6 electric eels
  3 howler monkeys (D:8)
  7 small abominations (Gauntlet)
  6 lava snakes (Volcano)
  2 gnoll boudas
  16 orc priests
  3 hounds (D:6)
  A jelly (D:4)
  5 iguanas
  31 orc wizards
  2 spectral swamp drakes (Swamp:4)
  2 spriggan simulacra
  3 troll simulacra
  A polar bear simulacrum (IceCv)
  A wolf simulacrum (IceCv)
  17 gnolls
  9 adders
  2 naga simulacra (IceCv)
  4 white imps
  5 ufetubi
  A worm (D:3)
  A dart slug (D:3)
  67 orcs
  6 endoplasms
  2 giant cockroaches
  2 goblins
  15 hobgoblins
  15 kobolds
  5 quokkas
  9 ball pythons
  5 bats
  7 rats
  A lurking horror (Lair:5)
1524 creatures vanquished.

Vanquished Creatures (others)
  A tengu reaver (Vaults:3)
  A wizard (Vaults:3)
  2 bloated husks
  A saltling (Desolation)
  A hornet (Swamp:1)
  A centaur (D:10)
  An orc wizard (D:6)
  2 orcs (D:10)
  5 demonic plants (Gauntlet)
  14 foxfires
  25 fungi
  A lurking horror (Lair:5)
  82 plants
  A withered plant (D:15)
138 creatures vanquished.

Grand Total: 1662 creatures vanquished

Notes
Turn   | Place    | Note
-------+----------+-------------------------------------------
     0 | D:1      | Crownlay the Minotaur Monk began the quest for the Orb.
     0 | D:1      | Reached XP level 1. HP: 19/19 MP: 0/0
   113 | D:1      | Reached XP level 2. HP: 26/26 MP: 1/1
   568 | D:2      | Reached skill level 5 in Maces & Flails
   616 | D:2      | Reached XP level 3. HP: 31/31 MP: 2/2
   772 | D:2      | Identified the +4 morningstar of a wizard's laboratory
                  | {heavy, rN+}
  1231 | D:2      | Noticed Sigmund
  1308 | D:2      | Killed Sigmund
  1309 | D:2      | Reached XP level 4. HP: 36/39 MP: 3/3
  1309 | D:2      | Reached XP level 5. HP: 41/45 MP: 4/4
  1730 | D:3      | Found a glowing silver altar of Zin.
  2105 | D:3      | Found a burning altar of Makhleb.
  2224 | D:3      | Found a faded altar of an unknown god.
  2367 | D:4      | Reached XP level 6. HP: 49/52 MP: 5/5
  2402 | D:4      | Found a staircase to the Ecumenical Temple.
  2414 | Temple   | Entered the Ecumenical Temple
  2592 | D:4      | Reached skill level 1 in Armour
  2596 | D:4      | Reached skill level 5 in Fighting
  2744 | D:4      | Noticed Grinder
  2748 | D:4      | Paralysed by Grinder for 3 turns
  2755 | D:4      | Killed Grinder
  2756 | D:4      | Reached skill level 5 in Armour
  2756 | D:4      | Reached XP level 7. HP: 49/61 MP: 6/6
  3198 | D:5      | Entered Level 5 of the Dungeon
  3437 | D:5      | Found an opulent altar of Gozag.
  3443 | D:5      | Became a worshipper of Gozag Ym Sagoz the Greedy
  3685 | D:5      | Found a blossoming altar of Fedhas.
  3729 | D:5      | Reached XP level 8. HP: 71/71 MP: 7/7
  4129 | D:6      | Found a runed translucent gate.
  4130 | D:6      | Found a runed translucent gate.
  4131 | D:6      | Found a runed translucent gate.
  4131 | D:6      | Noticed ThereIsNoGod's ghost (novice OpFi)
  4162 | D:6      | Reached skill level 1 in Throwing
  4163 | D:6      | Found a sparkling altar of Nemelex Xobeh.
  4173 | D:6      | Found an ancient bone altar of Kikubaaqudgha.
  4210 | D:6      | Found a glowing golden altar of the Shining One.
  4355 | D:6      | Reached skill level 10 in Maces & Flails
  4863 | D:6      | Identified 2 scrolls of acquirement
  4913 | D:7      | Reached skill level 5 in Throwing
  4917 | D:7      | Reached XP level 9. HP: 78/78 MP: 8/8
  4989 | D:7      | Found a radiant altar of Vehumet.
  5534 | D:7      | Noticed a cyclops
  5545 | D:7      | Killed a cyclops
  5714 | D:8      | Reached skill level 5 in Shields
  5734 | D:8      | Noticed Psyche
  5779 | D:8      | Killed Psyche
  6234 | D:8      | Noticed Amaemon
  6234 | D:8      | Noticed an orange demon
  6247 | D:7      | Killed Amaemon
  6248 | D:7      | Reached XP level 10. HP: 71/84 MP: 9/9
  6265 | D:8      | Killed an orange demon
  6627 | D:8      | Noticed Grum
  6643 | D:8      | Killed Grum
  6739 | D:8      | Found a faded altar of an unknown god.
  6745 | D:8      | Found a hazy altar of Hepliaklqana.
  7209 | D:9      | Found a sacrificial altar of Ru.
  7316 | D:9      | Reached skill level 10 in Shields
  7344 | D:9      | You fall into a shaft and drop 3 floors!
  7345 | D:12     | Acquired the +10 crystal plate armour of Gehenna {MP+9
                  | Str+3}
  7444 | D:12     | Noticed a manticore
  7451 | D:12     | Killed a manticore
  7504 | D:12     | Noticed Sonja
  7513 | D:12     | Killed Sonja
  7591 | D:12     | Reached XP level 11. HP: 81/94 MP: 10/10
  7608 | D:12     | Noticed Rupert
  7616 | D:12     | Paralysed by Rupert for 2 turns
  7620 | D:12     | Paralysed by Rupert for 3 turns
  7624 | D:12     | Killed Rupert
  7673 | D:12     | Found a gate leading to a gauntlet.
  7683 | Gauntlet | Entered a Gauntlet
  7683 | Gauntlet | Found a transporter.
  7683 | Gauntlet | Found a transporter.
  7705 | Gauntlet | Found a transporter.
  7717 | Gauntlet | Found a transporter.
  7735 | Gauntlet | Found a transporter.
  7735 | Gauntlet | Found a transporter.
  7735 | Gauntlet | Found a transporter.
  7737 | Gauntlet | Found a transporter.
  7737 | Gauntlet | Found a transporter.
  7739 | Gauntlet | Noticed a harpy
  7750 | Gauntlet | Found a runed translucent door.
  7753 | Gauntlet | Found a transporter.
  7760 | Gauntlet | Noticed a lindwurm
  7760 | Gauntlet | a lindwurm changed into an eye of devastation
  7761 | Gauntlet | an eye of devastation changed into a swamp dragon
  7761 | Gauntlet | Noticed a swamp dragon (glowing shapeshifter)
  7765 | Gauntlet | a swamp dragon changed into a lindwurm
  7765 | Gauntlet | Noticed a lindwurm (glowing shapeshifter)
  7766 | Gauntlet | Found a runed translucent gate.
  7766 | Gauntlet | a harpy changed into an eye of devastation
  7767 | Gauntlet | Found a transporter.
  7767 | Gauntlet | Found a runed translucent gate.
  7768 | Gauntlet | Found a runed translucent gate.
  7769 | Gauntlet | Noticed a reaper
  7777 | Gauntlet | Found a transporter.
  7778 | Gauntlet | Noticed a glowing orange brain
  7781 | Gauntlet | Noticed a brown ugly thing
  7791 | Gauntlet | Found a transporter.
  7807 | Gauntlet | Noticed a large abomination
  7811 | Gauntlet | Found a transporter.
  8089 | Gauntlet | Killed a large abomination
  8221 | Gauntlet | a salamander changed into a harpy
  8221 | Gauntlet | Noticed a harpy (glowing shapeshifter)
  8223 | Gauntlet | a harpy changed into a queen bee
  8252 | Gauntlet | Identified the ring "Ikergh" {Contam +Blink rPois MP+9
                  | Slay+5}
  8341 | Gauntlet | Identified the +5 triple crossbow of a Hundred Tales
                  | {penet, rElec rF- rC+ Dex+5}
  8341 | Gauntlet | Noticed a minotaur
  8347 | Gauntlet | Killed a minotaur
  8670 | D:11     | Found a frozen archway.
  8695 | IceCv    | Entered an ice cave
  8717 | IceCv    | Reached skill level 10 in Fighting
  9004 | IceCv    | Reached skill level 15 in Maces & Flails
  9091 | IceCv    | Reached XP level 12. HP: 73/106 MP: 11/11
  9229 | IceCv    | Reached skill level 10 in Armour
  9239 | IceCv    | Noticed a reaper
  9246 | IceCv    | Killed a reaper
  9542 | D:10     | Entered Level 10 of the Dungeon
  9632 | D:10     | Found Urphuwof's Elemental Accessories.
  9733 | D:9      | Found a hide-covered altar of Uskayaw.
 10018 | D:9      | Found a staircase to the Lair.
 10019 | D:9      | Found a white marble altar of Elyvilon.
 10023 | D:9      | Found a shimmering blue altar of Sif Muna.
 10543 | D:9      | Acquired the -1 cloak "Ohi Ekh" {+Blink rElec Int-2 Stlth+}
 10605 | D:10     | Identified the +2 mace of Heyheb {drain, *Slow rPois Will+}
 10853 | D:10     | Reached skill level 1 in Evocations
 11088 | D:11     | Found a portal to a secret trove of treasure.
 11280 | D:11     | Found a staircase to the Orcish Mines.
 11716 | Lair:1   | Entered Level 1 of the Lair of Beasts
 11731 | Lair:1   | Identified the +9 trident of Action {protect, Int-2 Dex+6}
 12111 | Lair:1   | Found a dark tunnel.
 12120 | Volcano  | Entered a volcano
 12489 | Volcano  | Found a radiant altar of Vehumet.
 12733 | Volcano  | Reached XP level 13. HP: 107/114 MP: 12/12
 13143 | Lair:1   | Reached XP level 14. HP: 122/122 MP: 13/13
 13272 | Lair:1   | Acquired 660 gold pieces
 13344 | Lair:2   | Reached skill level 5 in Evocations
 13828 | Lair:2   | Found a transporter.
 13835 | Lair:2   | Noticed Muix's ghost (journeyman DsIE)
 13845 | Lair:2   | Noticed Urug
 13857 | Lair:2   | Killed Urug
 13979 | Lair:2   | Found a transporter.
 14675 | Lair:3   | Found a hole to the Spider Nest.
 14804 | Lair:3   | Found a staircase to the Swamp.
 16052 | Lair:4   | Found a staircase to the Slime Pits.
 16888 | Lair:5   | Entered Level 5 of the Lair of Beasts
 17355 | Lair:5   | Reached skill level 15 in Armour
 17503 | Lair:5   | Reached XP level 15. HP: 57/134 MP: 14/14
 17793 | Lair:5   | Found a corrupted altar of Lugonu.
 17793 | Lair:5   | Found a one-way gate to the infinite horrors of the Abyss.
 18723 | Orc:1    | Entered Level 1 of the Orcish Mines
 19416 | Orc:2    | Entered Level 2 of the Orcish Mines
 20018 | Orc:2    | Found a staircase to the Elven Halls.
 20036 | Orc:2    | Found Foha's Distillery.
 20036 | Orc:2    | Found Qoug's Weapon Emporium.
 20036 | Orc:2    | Found Vial's Assorted Antiques.
 20036 | Orc:2    | Found Seon's Armour Boutique.
 20316 | Orc:2    | Bought a potion of magic for 136 gold pieces
 20316 | Orc:2    | Bought a potion of flight for 51 gold pieces
 20500 | Orc:2    | Found a runed translucent door.
 20501 | Orc:2    | Noticed Dirtsage's ghost (journeyman OpTm)
 20637 | Orc:2    | Killed Dirtsage's ghost
 20712 | Orc:2    | Bought a potion of attraction for 51 gold pieces
 20712 | Orc:2    | Bought a potion of attraction for 51 gold pieces
 20923 | D:12     | Reached skill level 15 in Fighting
 20923 | D:12     | Reached skill level 10 in Evocations
 21325 | D:12     | Identified the +7 spear "Omioxi" {heavy, rPois}
 21776 | D:13     | Found a gate to the Vaults.
 21782 | D:13     | Got the Atlas of Disjunct Glamour
 22404 | D:14     | Identified the +2 robe of Disaster {Dex+3}
 22439 | D:14     | Found a broken altar of Ashenzari.
 22795 | D:14     | Identified the amulet "Kilisil" {RegenMP Rampage}
 23078 | D:14     | Reached XP level 16. HP: 135/149 MP: 15/15
 23413 | D:15     | Entered Level 15 of the Dungeon
 23792 | D:15     | Found a staircase to the Depths.
 23980 | D:15     | Found a runed translucent gate.
 23980 | D:15     | Found a runed translucent gate.
 23980 | D:15     | Found a runed translucent gate.
 23984 | D:15     | Noticed Fayhed's ghost (adept DsIE)
 24209 | D:15     | Found an iron altar of Okawaru.
 24497 | D:6      | Killed ThereIsNoGod's ghost
 24737 | Lair:2   | Reached skill level 15 in Shields
 24754 | Lair:2   | Killed Muix's ghost
 24828 | Lair:2   | Bought a scroll of summoning for 161 gold pieces
 24971 | Swamp:1  | Entered Level 1 of the Swamp
 25199 | Swamp:1  | Identified the ring of the Tempest {rElec MP+9 Str+3 SInv
                  | Stlth+}
 25542 | Swamp:1  | Noticed Josephine
 25561 | Swamp:1  | Killed Josephine
 26743 | Swamp:3  | Noticed Donald
 27055 | Swamp:2  | HP: 7/223 [alligator (7)]
 27061 | Swamp:2  | Killed Donald
 27062 | Swamp:2  | Reached skill level 10 in Throwing
 27726 | Swamp:3  | Noticed Nikola
 27740 | Swamp:3  | Killed Nikola
 27948 | Swamp:3  | Bought a scroll of enchant weapon for 180 gold pieces
 27948 | Swamp:3  | Bought a scroll of enchant armour for 180 gold pieces
 27970 | Swamp:4  | Entered Level 4 of the Swamp
 28002 | Swamp:4  | Reached XP level 17. HP: 144/156 MP: 16/16
 28002 | Swamp:4  | Found a transporter.
 28171 | Swamp:4  | Noticed Mara
 28183 | Swamp:4  | Noticed Crownlay's illusion
 28543 | Swamp:4  | Noticed Crownlay's illusion
 28595 | Swamp:4  | Noticed Crownlay's illusion
 28911 | Swamp:4  | Noticed Crownlay's illusion
 28938 | Swamp:4  | Noticed Crownlay's illusion
 29191 | Swamp:3  | Bought a phantom mirror for 960 gold pieces
 29253 | Swamp:4  | Noticed Crownlay's illusion
 29881 | Spider:1 | Entered Level 1 of the Spider Nest
 32044 | D:11     | You paid a toll of 7 scrolls of blinking to enter a
                  | treasure trove
 32045 | Trove    | Entered a treasure trove
 32049 | Trove    | Identified the +2 mace of Dissent {holy, rN+ Int+3 Dex+6}
 32052 | Trove    | Identified the amulet "Qihiyl" {Regen+ Int+4 Dex+3}
 32057 | Trove    | Identified the ring of Xeanie {rC+ Int+3}
 32081 | Trove    | Identified the amulet "Ruob" {RegenMP rPois rF+}
 32113 | Trove    | Identified the +0 pair of boots of Chimes {Drain Regen+
                  | Int+6 Stlth+}
 32139 | Trove    | Identified the ring of Fiosoc {Wiz rElec rC- Int+6 Stlth+}
 32375 | Spider:2 | You fall into a shaft and drop 1 floor!
 32638 | Spider:3 | Noticed Kirke
 32651 | Spider:3 | Killed Kirke
 32799 | Spider:3 | Noticed Roxanne
 32808 | Spider:3 | Killed Roxanne
 33176 | Spider:4 | Entered Level 4 of the Spider Nest
 34517 | Spider:4 | Identified the ring "Olluocebri" {Fly rElec rCorr Int-4
                  | Dex+6}
 34606 | Spider:4 | Reached XP level 18. HP: 95/163 MP: 17/17
 35158 | Spider:4 | Got a gossamer rune of Zot
 35535 | Vaults:1 | Entered Level 1 of the Vaults
 35872 | Vaults:1 | Paralysed by a sphinx for 3 turns
 36702 | Vaults:1 | Found Moddeg's Antique Armour Emporium.
 36708 | Vaults:1 | Bought a pair of steaming gloves for 247 gold pieces
 36708 | Vaults:1 | Identified the +2 pair of gloves of Happy Babbling {rElec
                  | Regen+ MP+9 Dex+2} (You bought it in a shop on level 1 of
                  | the Vaults)
 36924 | Vaults:2 | Found a crumbling gateway.
 36931 | Desolati | Entered the Desolation of Salt
 37028 | Desolati | Identified the +10 short sword "Pinyir Gifa" {speed, rF+
                  | Dex+2}
 37114 | Desolati | Reached XP level 19. HP: 163/185 MP: 18/18
 37140 | Desolati | Reached skill level 5 in Dodging
 37525 | Desolati | Identified the ring "Otsigg" {rElec Int+5 Slay+4}
 37535 | Desolati | Identified the ring "Kownudok" {rF- Will+ Dex+4 SInv
                  | Stlth+}
 37857 | Desolati | Identified the ring "Luwkel" {rC+ Will++ Dex+6 SInv}
 37866 | Desolati | Identified the -2 cloak of Sismaal {rPois}
 37870 | Desolati | Got the Omnibus of Fetid Transmogrification
 37872 | Desolati | Identified the +1 falchion "Jellybane" {flame, rC+ rN+
                  | Dex-4}
 38552 | Vaults:2 | Reached skill level 10 in Dodging
 38911 | Vaults:2 | Noticed a bone dragon
 38913 | Vaults:2 | Found a staircase to the Crypt.
 38922 | Vaults:2 | Killed a bone dragon
 39406 | Vaults:3 | Reached skill level 1 in Summonings
 39597 | Vaults:3 | Noticed Sojobo
 39614 | Vaults:3 | Paralysed by an air elemental for 1 turns
 39618 | Vaults:3 | Paralysed by an air elemental for 1 turns
 39622 | Vaults:3 | Paralysed by an air elemental for 1 turns
 39625 | Vaults:3 | Paralysed by an air elemental for 1 turns
 39628 | Vaults:3 | Killed Sojobo
 39827 | Vaults:3 | Reached XP level 20. HP: 193/193 MP: 19/19
 40004 | Vaults:3 | Identified the +11 dagger of Bankruptcy {venom, rPois}
 41043 | Vaults:3 | Reached skill level 5 in Summonings
 41190 | Vaults:4 | Reached skill level 15 in Evocations
 41444 | Vaults:4 | Identified the +7 spear of Annoyance {holy, rElec rN+ Str+2
                  | Int-3}
 41446 | Vaults:4 | Acquired the amulet "Ireol" {RegenMP rC+ rN+ Will+ SInv}
 41516 | Vaults:4 | Identified the +6 ring mail "Diofun" {Harm rElec Int-3
                  | Dex+6}
 41598 | Vaults:4 | Reached skill level 10 in Summonings
 41606 | Vaults:4 | Reached skill level 1 in Polearms
 41715 | Vaults:4 | Identified the +2 pair of boots of the Goldsmith {Contam
                  | Harm rN+ Int+2}
 42068 | Vaults:4 | Reached skill level 5 in Polearms
 42481 | Depths:1 | Entered Level 1 of the Depths
 42732 | Depths:1 | Found a gateway to Hell.
 42796 | Depths:1 | Reached XP level 21. HP: 201/201 MP: 20/20
 42916 | Depths:1 | Found a snail-covered altar of Cheibriados.
 43483 | Depths:2 | Found Kousim's General Store.
 43483 | Depths:2 | Found Viecoi's Antique Armour Shop.
 43525 | Depths:2 | Bought a potion of mutation for 176 gold pieces
 43525 | Depths:2 | Bought a potion of curing for 66 gold pieces
 43616 | Depths:2 | Reached skill level 10 in Polearms
 43623 | Depths:2 | Noticed a golden dragon
 43634 | Depths:2 | Killed a golden dragon
 43701 | Depths:2 | Paralysed by a floating eye for 2 turns
 43967 | Depths:2 | Found a sparkling altar of Nemelex Xobeh.
 44188 | Depths:2 | Noticed a juggernaut
 44197 | Depths:2 | Killed a juggernaut
 44379 | Depths:2 | Found a one-way gate leading to the halls of Pandemonium.
 44498 | Depths:2 | Reached XP level 22. HP: 209/209 MP: 21/21
 44508 | Depths:3 | Noticed Parghit
 44656 | Depths:3 | Noticed a juggernaut
 44673 | Depths:3 | Killed a juggernaut
 44676 | Depths:3 | Noticed a caustic shrike
 44683 | Depths:3 | Noticed a golden dragon
 44689 | Depths:3 | Noticed a caustic shrike
 44703 | Depths:2 | Killed a caustic shrike
 44773 | Depths:2 | Killed a caustic shrike
 44826 | Depths:2 | Killed a golden dragon
 44837 | Depths:2 | Killed from afar by a fire giant

Illustrated notes

Levels and vault maps discovered:
D:1:      dpeg_arrival_solitude, layout_rooms
D:2:      minmay_general_purpose_star, layout_loops_corners, minmay_unequal,
          uniq_sigmund
D:3:      layout_basic, bloody_makhleb, mainiacjoe_overflow_paths,
          shapermc_ecumenical_altar_mp_vishouse
D:4:      layout_gridville, minmay_temple_entry_arrows, uniq_grinder
D:5:      layout_basic, fedhas_altar_4,
          nicolae_gozag_cash_rules_everything_around_me, minmay_misc_feat_cross
D:6:      layout_basic, nicolae_overflow_hidden_temple, gammafunk_ghost_split
D:7:      layout_basic, nicolae_overflow_crystal_walls
D:8:      layout_rooms, beargit_hepliaklqana_dungeon_heroes, uniq_psyche,
          uniq_amaemon, uniq_grum
D:9:      layout_loops_corners, grunt_temple_overflow_open,
          nicolae_uskayaw_murder_on_the_dancefloor, nicolae_ru_path_of_blood,
          lair_entry_dummy, st_stairs_7
D:10:     layout_basic, minmay_misc_feat_tower, nicolae_elemental_shop
D:11:     layout_basic, erik_orc_1, portal_ice_cave_entry_ice_simulacra,
          enter_trove_2
D:12:     minmay_clustersquares, layout_irregular_city, gauntlet_entry_generic,
          uniq_rupert, uniq_sonja
D:13:     layout_loops_ring, erik_vaults_1
D:14:     layout_long_grid, chequers_serial_rivers_micro_e, ashenzari_altar_1
D:15:     gammafunk_depths_entry_grave, layout_irregular_city,
          gammafunk_ghost_fury_of_okawaru
Temple:   hellmonk_temple_rainy
Lair:1:   layout_chaotic_city, enter_volcano_2, grunt_megastairs_4,
          lemuel_fruit_fields
Lair:2:   beast_lair_carwin_large_2, layout_long_grid, gammafunk_ghost_arena,
          disabler_island, uniq_urug
Lair:3:   layout_hall_layers, minmay_swamp_entry_worms, spider_nest_entry_rubble
Lair:4:   layout_small_grid, minmay_slime_entry_oklob_enclosed,
          columned_hall_lemuel
Lair:5:   minmay_lair_end_frog_pond, layout_regular_city,
          amcnicky_altar_lugonu_corruption
Swamp:1:  layout_basic_swamp, evilmike_swamp_ruin_house_1, swamp_pool2,
          uniq_josephine
Swamp:2:  layout_falls_marsh, nicolae_swamp_decorative_isthmus,
          infiniplex_staircase_pool
Swamp:3:  layout_falls_marsh, nicolae_swamp_tree_designs, uniq_nikola,
          uniq_donald
Swamp:4:  swamp_pestilence, layout_basic_swamp, gammafunk_ghost_arena, uniq_mara
Spider:1: layout_spider_delve
Spider:2: layout_spider_delve, nicolae_spider_stair_cavern
Spider:3: layout_spider_delve, hangedman_spider_tarantella_strand, uniq_kirke,
          uniq_roxanne
Spider:4: floodkiller_spider_rune_tomb
Orc:1:    layout_caves
Orc:2:    st_orc_ogre_mass, layout_caves, gammafunk_ghost_grave
Vaults:1: nicolae_vaults_circle_grid_b, vaults_room_octagon, v_misc_25,
          nicolae_vaults_murderbox, nicolae_vaults_inception_corners,
          vaults_mumra_minichess, v_misc_26, vaults_dpeg_ring, v_misc_12,
          nicolae_vaults_border_crossing, vaults_mumra_chevron,
          ontoclasm_vaults_pinch, nicolae_vaults_shelves_hall,
          hangedman_vaults_stitches, layout_vaults_maze_snakey, serial_shops,
          shop
Vaults:2: portal_desolation_entry_ruin, nicolae_vaults_big_ls,
          minmay_crypt_entry_nasty_monster, nicolae_vaults_angled_halls,
          ontoclasm_vaults_hangar, v_rooms_4, layout_vaults_omnigrid
Vaults:3: v_rooms_6, nicolae_vaults_little_ls,
          hangedman_vaults_stretched_pinwheel, v_rooms_2, nicolae_vaults_theta,
          ontoclasm_vaults_ring_small, nicolae_vaults_specimen_jars,
          nicolae_vaults_asterisk, vaults_dpeg_diagonal, vaults_mumra_lcd,
          hangedman_vaults_capsules, layout_vaults_omnibox, uniq_sojobo
Vaults:4: nicolae_vaults_angled_halls, vaults_room_grunt_arrival_ludios,
          nicolae_vaults_network_square, ontoclasm_vaults_eye,
          vaults_mumra_minichess_inversion, vaults_room_stairs_pillars,
          nicolae_vaults_ring_of_whatevers, v_misc_19, grunt_vaults_diagonal,
          nicolae_vaults_minivaults, vaults_room_stairs_pillars,
          v_alt_pattern_2, nicolae_vaults_asterisk, layout_vaults_ring
Depths:1: layout_cave_pools, hell_entry, minmay_misc_feat_iff,
          grunt_ministairs_7, slow_altar_2
Depths:2: grunt_deathspiral_small, layout_cave_shapes, rand_demon_pan_entry_8,
          hell_entry, nemelex_xobeh_ov_fountains_minmay,
          kennysheep_generic_room_13, minmay_staircase_windowed_large,
          minmay_shoptagon
Depths:3: minmay_central_circle, layout_honeycomb, enter_ziggurat_a,
          serial_shops, nicolae_shop_behind_doors, hell_entry, grunt_decor_cap,
          minmay_room_of_horrors, minmay_orc_keep, infiniplex_staircase_pool_2,
          uniq_parghit

Skill      XL: |  1  2  3  4  5  6  7  8  9 10 11 12 13 14 15 16 17 18 19 20 21 22 |
---------------+-------------------------------------------------------------------+-----
Maces & Flails | 4 5 7 8 9 10 12 13 15 16 17 20 | 20.2
Fighting       | 4 5 6 8 10 12 15 20 | 20.0
Armour         | 5 6 9 12 15 16 19 20 | 20.0
Throwing       | 5 6 8 10 12 | 12.0
Shields        | 8 10 13 15 | 15.4
Evocations     | 4 7 10 11 12 14 15 | 15.0
Ranged Weapons | 7 |  7.1
Dodging        | 4 10 | 10.6
Summonings     | 4 10 | 10.0
Polearms       | 7 12 13 | 13.3
Stealth        | |  1.5

Action                   |  1- 3 |  4- 6 |  7- 9 | 10-12 | 13-15 | 16-18 | 19-21 | 22-24 || total
-------------------------+-------+-------+-------+-------+-------+-------+-------+-------++-------
Melee: Mace              |    46 |       |       |       |       |       |       |       ||    46
       Headbutt          |     8 |     5 |    34 |    76 |   136 |   337 |   380 |    46 ||  1022
       Morningstar       |    16 |    59 |   203 |   409 |   692 |  1257 |  1173 |   115 ||  3924
       Punch             |       |       |     1 |       |       |       |       |       ||     1
       Unarmed           |       |       |     3 |       |       |       |       |       ||     3
 Fire: Triple crossbow   |       |       |       |       |    18 |       |       |       ||    18
Throw: Boomerang         |       |       |     3 |    28 |    97 |   103 |       |       ||   231
       Dart              |       |       |       |     4 |       |     9 |     7 |     2 ||    22
       Javelin           |       |       |       |       |    11 |    49 |    28 |       ||    88
       Throwing net      |       |       |       |       |       |     2 |       |       ||     2
Invok: Potion Petition   |       |       |       |     1 |     2 |     7 |     1 |       ||    11
       Call Merchant     |       |       |       |       |       |     2 |       |       ||     2
 Abil: Evoke Blink       |       |       |       |       |       |       |     1 |     1 ||     2
Evoke: Wand              |       |       |       |       |     1 |    18 |       |       ||    19
       Phantom mirror    |       |       |       |       |       |     1 |       |       ||     1
  Use: Potion            |     1 |       |     1 |     5 |       |     4 |     2 |       ||    13
       Scroll            |       |       |     5 |    14 |    12 |    17 |     1 |       ||    49
 Stab: Sleeping          |     3 |     1 |       |       |       |       |       |       ||     4
       Distracted        |       |       |     1 |     3 |     7 |     6 |    15 |     3 ||    35
       Invisible         |       |       |       |     1 |       |     3 |       |       ||     4
       Confused          |       |       |       |       |       |     2 |       |       ||     2
Armor: Leather armour    |    12 |     5 |       |       |       |       |       |       ||    17
       Scale mail        |       |     9 |   100 |    27 |       |       |       |       ||   136
       Skin              |       |       |     1 |       |       |    10 |       |       ||    11
       Crystal plate arm |       |       |       |   155 |   531 |   791 |   672 |   104 ||  2253
Dodge: Dodged            |    28 |    31 |   100 |    56 |   133 |   222 |   335 |    61 ||   966
Block: Other             |     6 |    14 |    51 |       |    15 |       |       |       ||    86
       Kite shield       |       |       |    37 |   390 |   721 |   307 |       |       ||  1455
       Reflection        |       |       |     1 |    16 |    20 |    23 |       |       ||    60
       Tower shield      |       |       |       |       |       |  1553 |  1708 |   268 ||  3529

Table legend: (Time is in decaauts)
 A = Elapsed time spent in this place.
 B = Non-inter-level travel time spent in this place.
 C = Inter-level travel time spent in this place.
 D = Time resting spent in this place.
 E = Time spent auto-exploring this place.
 F = Levels seen in this place.
 G = Mean time per level.
                   A        B        C        D        E       F      G
               +--------+--------+--------+--------+--------+-----+--------+
         Total |  46197 |  42144 |   4053 |   2219 |  26781 |  43 | 1074.3 |
       Dungeon |  14824 |  13248 |   1576 |    422 |   9947 |  15 |  988.3 |
        Temple |     23 |     12 |     11 |      0 |      9 |   1 |   23.0 |
          Lair |   6971 |   6039 |    932 |    435 |   3934 |   5 | 1394.2 |
         Swamp |   5450 |   5029 |    421 |    481 |   2787 |   4 | 1362.5 |
   Spider Nest |   5224 |   4716 |    508 |    188 |   3291 |   4 | 1306.0 |
  Orcish Mines |   2134 |   1986 |    148 |    216 |   1075 |   2 | 1067.0 |
        Vaults |   5321 |   4932 |    389 |      0 |   3277 |   4 | 1330.2 |
        Depths |   2483 |   2416 |     67 |    153 |   1174 |   3 |  827.7 |
         Trove |    120 |    120 |      0 |      0 |      0 |   1 |  120.0 |
      Ice Cave |    773 |    773 |      0 |    169 |    203 |   1 |  773.0 |
       Volcano |    791 |    791 |      0 |     83 |    346 |   1 |  791.0 |
    Desolation |   1292 |   1292 |      0 |      0 |    504 |   1 | 1292.0 |
      Gauntlet |    786 |    786 |      0 |     71 |    232 |   1 |  786.0 |
               +--------+--------+--------+--------+--------+-----+--------+

Top non-repeatable levels by time:
Spider:4: 2223 daAuts
  Lair:4: 1757 daAuts
  Lair:2: 1609 daAuts
Depths:2: 1561 daAuts
 Swamp:3: 1526 daAuts
     D:9: 1495 daAuts
Vaults:2: 1444 daAuts
   Orc:2: 1430 daAuts
  Lair:5: 1413 daAuts
Vaults:1: 1378 daAuts
 Swamp:1: 1365 daAuts
 Swamp:4: 1334 daAuts
Desolation: 1292 daAuts
Vaults:4: 1289 daAuts
Spider:1: 1280 daAuts
